 Dungeon Crawl Stone Soup version 0.16.1-28-gcc2312f (webtiles) character file.

105 FlaggTheMystic the Skirmisher (level 4, -1/41 HPs)
             Began as a Hill Orc Fighter on June 5, 2015.
             Killed from afar by Sigmund the gnoll (8 damage)
             ... with a magic dart
             ... on level 3 of the Dungeon.
             The game lasted 00:10:38 (1963 turns).

FlaggTheMystic the Skirmisher (Hill Orc Fighter)    Turns: 1963, Time: 00:10:38

Health: -1/41      AC: 10    Str: 19    XL:     4   Next: 81%
Magic:  4/4        EV:  9    Int:  8    God:
Gold:   88         SH:  9    Dex: 12    Spells: 0 memorised, 3 levels left

rFire  . . .     SeeInvis .     a - +0 war axe
rCold  + . .     Clarity  .     g - +2 ring mail {rC+}
rNeg   . . .     SustAb   .     c - +0 shield
rPois  .         Gourm    .     f - +0 helmet
rElec  .         Spirit   .     (no cloak)
rCorr  .         Warding  .     (no gloves)
rMut   .         Stasis   .     m - +0 pair of boots
MR     .....                    (no amulet)
Stlth  +.........               (no ring)
                                j - +2 ring of dexterity

@: not resistant to hostile enchantments, very unstealthy
A: no striking features
a: no special abilities


You were on level 3 of the Dungeon.
You were not hungry.

You visited 1 branch of the dungeon, and saw 3 of its levels.

You collected 88 gold pieces.

Inventory:

Hand weapons
 a - a +0 war axe (weapon)
 h - a +3 dagger
Armour
 c - a +0 shield (worn)
 f - a +0 helmet (worn)
 g - a +2 ring mail of cold resistance (worn)
 m - a +0 pair of boots (worn)
Jewellery
 j - a +2 ring of dexterity (left hand)
Magical devices
 b - a wand of polymorph (10)
Scrolls
 i - a scroll of enchant weapon {unknown}
 k - a scroll of random uselessness {unknown}
 n - a scroll of identify
 u - a scroll of amnesia {unknown}
Potions
 e - a potion of might
 l - a potion of resistance {unknown}
 o - a potion of curing
 p - a potion of invisibility {unknown}
Books
 r - a book of Hinderance

   Spells                             Type                      Level
   a - Confusing Touch                Hexes                        2
   b - Confuse                        Hexes                        3
   c - Petrify                        Transmutation/Earth          4
   d - Metabolic Englaciation         Hexes/Ice                    5
   e - Gell's Gravitas                Hexes/Translocation          5
   f - Summon Mana Viper              Hexes/Summoning              5
Comestibles
 d - a meat ration
 q - a bread ration
 s - a royal jelly


   Skills:
 + Level 4.4 Fighting
 + Level 0.8 Short Blades
 - Level 2.9 Axes
 + Level 3.5 Armour
 + Level 2.0 Dodging
 + Level 3.8 Shields


You had 3 spell levels left.
You didn't know any spells.

Dungeon Overview and Level Annotations

Branches:
Dungeon (3/15)

Altars:
Kikubaaqudgha
Sif Muna

Annotations:
D:3 Sigmund


Message History

Something tries to affect you, but you resist.
You block the puff of flame.
Found 19 stones.
That item cannot be evoked!
Evoke which item? (* to show all) (? for menu, Esc to quit)
Zapping:
b - a wand of polymorph {zapped: 3} (will waste charges)
Press: ? - help, Shift-Dir - straight line Sigmund appears out of thin air!
Reactivating autopickup.
Evoking this partially-identified wand wasted a few charges.
Sigmund points at you and mumbles some strange words.
You block the puff of flame.
Found an escape hatch in the floor.
Your magical contamination has completely faded away.
Found a flail.
Sigmund gestures at you while chanting. You resist with some effort.
Sigmund casts a spell at you. The magic dart hits you!
You die...

. ...##.#########
.... #............†.
.... #.........##.
#.... #.........###
#...#..##.........# #
#... #............# #
#... #####........#
#.>(######........#
#...@....######..####
#..)####...g...).....
#... #######.......
#... ##...... ####
#######


You could see Sigmund the gnoll.

Vanquished Creatures
  2 adders (D:3)
  5 worms
  A giant gecko (D:2)
  4 orcs (D:3)
  4 bats
  2 giant cockroaches (D:2)
  4 goblins
  8 hobgoblins
  6 jackals (D:1)
  A ball python (D:2)
  3 giant newts
  5 kobolds
  4 rats
49 creatures vanquished.

Notes
Turn   | Place    | Note
--------------------------------------------------------------
     0 | D:1      | FlaggTheMystic, the Hill Orc Fighter, began the quest for the Orb.
     0 | D:1      | Reached XP level 1. HP: 19/19 MP: 1/1
   178 | D:1      | Reached XP level 2. HP: 24/27 MP: 2/2
   648 | D:1      | Reached XP level 3. HP: 30/33 MP: 3/3
   672 | D:1      | Reached skill level 1 in Dodging
   851 | D:2      | Reached skill level 4 in Fighting
  1062 | D:2      | Found a deep blue altar of Sif Muna.
  1063 | D:2      | Found an ancient bone altar of Kikubaaqudgha.
  1417 | D:2      | Reached XP level 4. HP: 39/41 MP: 4/4
  1921 | D:3      | Noticed Sigmund
  1956 | D:3      | Noticed Sigmund
  1963 | D:3      | Killed from afar by Sigmund the gnoll

Action                   |  1- 3 |  4- 6 || total
-------------------------+-------+-------++-------
Melee: War axe           |    49 |    49 ||    98
       Dagger            |    88 |       ||    88
Evoke: Wand              |       |     2 ||     2
  Use: Scroll            |     1 |     1 ||     2
       Potion            |     1 |       ||     1
  Eat: Meat ration       |     1 |       ||     1
